 Dungeon Crawl Stone Soup version 0.24-a0-278-gefa1973 (webtiles) character file.

Game seed: 4055926321637427711

632 Gorice the Shooter (level 7, 0/52 HPs)
             Began as a Gnoll Wanderer on Apr 29, 2019.
             Slain by Menkaure (10 damage)
             ... on level 4 of the Dungeon on Apr 30, 2019.
             The game lasted 00:16:42 (4315 turns).

Gorice the Shooter (Gnoll Wanderer)                 Turns: 4315, Time: 00:16:42

Health: 0/52       AC: 10    Str: 21    XL:     7   Next: 49%
Magic:  10/10      EV: 11    Int: 15    God:
Gold:   250        SH:  0    Dex: 11    Spells: 10/10 levels left

rFire    . . .     SeeInvis .   a - +1 short sword
rCold    . . .     Gourm    .   (no shield)
rNeg     + . .     Faith    .   n - +1 scale mail {rN+}
rPois    .         Spirit   .   p - +0 helmet
rElec    .         Reflect  .   (no cloak)
rCorr    .         Harm     .   g - +0 pair of gloves
MR       .....                  (no boots)
Stlth    +.........             t - amulet of regeneration
HPRegen  0.57/turn              v - +2 ring of strength
MPRegen  0.12/turn              (no ring)

@: no status effects
A: distributed training, fangs 1, strong nose
a: no special abilities


You were on level 4 of the Dungeon.
You were not hungry.

You visited 1 branch of the dungeon, and saw 4 of its levels.
You also visited: Sewer.

You collected 250 gold pieces.

Inventory:

Hand Weapons
 a - a +1 short sword (weapon)
 b - a +2 shortbow
 i - a +0 halberd
 j - a +0 blowgun
 k - a cursed -2 hand axe
 w - a +0 flail
Missiles
 l - 26 poisoned needles
 q - 5 arrows
 Y - 169 stones (quivered)
Armour
 d - a +0 shield
 e - a +0 robe
 g - a +0 pair of gloves (worn)
 h - a cursed +0 buckler
 n - a +1 scale mail of positive energy (worn)
   (You found it on level 1 of the Dungeon)
 p - a +0 helmet (worn)
 x - a +0 chain mail
Jewellery
 t - an amulet of regeneration (around neck)
 v - a +2 ring of strength (left hand)
 C - an uncursed amulet of faith {unknown}
Scrolls
 y - a scroll of amnesia
Potions
 m - a potion of heal wounds {!q}
 o - 2 potions of flight
 r - a potion of invisibility {unknown}
 s - 3 potions of curing {unknown}
 u - 2 potions of resistance {unknown}
 z - a potion of ambrosia {unknown}
 A - a potion of haste {unknown}
 B - a potion of mutation {unknown}
 D - a potion of might {unknown}
Comestibles
 f - 9 rations


   Skills:
 + Level 3.6 Fighting
 + Level 2.4 Short Blades
 + Level 2.4 Long Blades
 + Level 2.4 Axes
 + Level 2.4 Maces & Flails
 + Level 2.4 Polearms
 + Level 5.2 Staves
 + Level 2.4 Slings
 + Level 7.0 Bows
 + Level 2.4 Crossbows
 + Level 3.6 Throwing
 + Level 3.6 Armour
 + Level 3.6 Dodging
 + Level 2.4 Stealth
 + Level 3.6 Shields
 + Level 2.4 Unarmed Combat
 + Level 2.4 Spellcasting
 + Level 2.0 Conjurations
 + Level 2.0 Hexes
 + Level 2.0 Charms
 + Level 2.0 Summonings
 + Level 2.0 Necromancy
 + Level 2.0 Translocations
 + Level 2.0 Transmutations
 + Level 2.0 Fire Magic
 + Level 2.0 Ice Magic
 + Level 2.0 Air Magic
 + Level 2.0 Earth Magic
 + Level 2.0 Poison Magic
 + Level 2.7 Invocations
 + Level 2.4 Evocations


You had 10 spell levels left.
You didn't know any spells.
Your spell library was empty.

Dungeon Overview and Level Annotations

Branches:
Dungeon (4/15)
 Temple: D:4-7

Altars:
Dithmenos
Qazlal
Ru

Annotations:
D:4 pUX: passthru, Menkaure


Innate Abilities, Weirdness & Mutations

Your experience applies equally to all skills.
You have very sharp teeth.
Your uncanny sense of smell can sniff out nearby items.


Message History

Press: ? - help, Shift-Dir - straight line, f/p - Menkaure
Aim: Menkaure (moderately damaged)
You throw a stone.
The stone hits Menkaure but does no damage.
Menkaure is moderately damaged.
Throwing (i - inventory)
Y - 171 stones (quivered)
Press: ? - help, Shift-Dir - straight line, f/p - Menkaure
Aim: Menkaure (moderately damaged)
You throw a stone.
The stone hits Menkaure but does no damage.
Menkaure is moderately damaged.
Throwing (i - inventory)
Y - 170 stones (quivered)
Press: ? - help, Shift-Dir - straight line, f/p - Menkaure
Aim: Menkaure (moderately damaged)
You throw a stone. The stone hits Menkaure.
Menkaure is moderately damaged.
Menkaure gestures at you while chanting.
Pain shoots through your body! Damage: 3 (max 3) Menkaure misses you.
You hit Menkaure but do no damage.
Menkaure is moderately damaged.
Menkaure casts a spell.
Menkaure seems to speed up.
You hit Menkaure but do no damage. You bite Menkaure, but do no damage.
Menkaure is moderately damaged.
Menkaure hits you!
Damage: 12 (max 12)
You barely miss Menkaure.
Menkaure is moderately damaged.
Menkaure hits you!
Damage: 6 (max 12)
You hit Menkaure but do no damage. You bite Menkaure, but do no damage.
Menkaure is moderately damaged.
Menkaure hits you!
Damage: 9 (max 12)
You hit Menkaure but do no damage.
Menkaure is moderately damaged.
Menkaure hits you!
* * * LOW HITPOINT WARNING * * *
Damage: 6 (max 12)
You hit Menkaure.
Menkaure is heavily damaged.
Menkaure hits you!
* * * LOW HITPOINT WARNING * * *
Damage: 7 (max 12)
You barely miss Menkaure. Your bite misses Menkaure.
Menkaure is heavily damaged.
Menkaure closely misses you. Menkaure hits you!
You die...

######### #..#.# #.# #.##.# #
##.#.# #.# #.##.###
#####.#.####.####.##....
####.........).......######
###......#...####.###########
##...####.#...####..........##
##..###....#...........#####.##
#..##...#..#.#.#######....<#...
##.##....#.##.#@################
#..#....##.#...M................
#.##...##..#.##(################
##.#...##..##...(#
#..#.###..##..##(#
#..#.....###.###(# # #.....####
#..##(# .#.### #.##### ##.##.#
####.#.... #.###########)##.#
#...........


You could see Menkaure.

Vanquished Creatures
  A phantom (D:4)
  An ogre (D:4)
  A big kobold (Sewer)
  A hound (D:4)
  An orc wizard (D:4)
  5 worker ants (D:4)
  4 gnolls (D:3)
  2 river rats
  5 adders
  2 oozes
  4 worms
  A dart slug (D:3)
  3 leopard geckos
  7 orcs
  5 bats
  9 giant cockroaches
  2 goblins
  5 hobgoblins
  4 jackals
  2 quokkas
  A ball python (D:2)
  5 frilled lizards
  2 jackal skeletons (D:4)
  15 kobolds
  A leopard gecko skeleton (D:4)
  17 rats
106 creatures vanquished.

Notes
Turn   | Place    | Note
-------+----------+-------------------------------------------
     0 | D:1      | Gorice the Gnoll Wanderer began the quest for the Orb.
     0 | D:1      | Gorice set off with the following items: a +2 shortbow, 28
                  | arrows, a potion of lignification {!q}, a +0 shield, a +0
                  | robe, a ration
     0 | D:1      | Reached XP level 1. HP: 17/17 MP: 1/1
   163 | D:1      | Reached XP level 2. HP: 21/23 MP: 2/2
   823 | D:2      | Reached XP level 3. HP: 28/28 MP: 3/3
   938 | D:2      | Found a shadowy altar of Dithmenos.
  1044 | D:2      | Reached skill level 1 in Invocations
  1135 | D:2      | Reached skill level 1 in Short Blades
  1135 | D:2      | Reached skill level 1 in Long Blades
  1135 | D:2      | Reached skill level 1 in Axes
  1135 | D:2      | Reached skill level 1 in Maces & Flails
  1135 | D:2      | Reached skill level 1 in Polearms
  1135 | D:2      | Reached skill level 1 in Slings
  1135 | D:2      | Reached skill level 1 in Crossbows
  1135 | D:2      | Reached skill level 1 in Stealth
  1135 | D:2      | Reached skill level 1 in Unarmed Combat
  1135 | D:2      | Reached skill level 1 in Spellcasting
  1135 | D:2      | Reached skill level 1 in Evocations
  1181 | D:2      | Reached XP level 4. HP: 34/34 MP: 5/5
  1339 | D:2      | You fall through a shaft for 2 floors!
  1344 | D:4      | Noticed a phantom
  1365 | D:4      | Killed a phantom
  1365 | D:4      | Reached skill level 1 in Conjurations
  1365 | D:4      | Reached skill level 1 in Hexes
  1365 | D:4      | Reached skill level 1 in Charms
  1365 | D:4      | Reached skill level 1 in Summonings
  1365 | D:4      | Reached skill level 1 in Necromancy
  1365 | D:4      | Reached skill level 1 in Translocations
  1365 | D:4      | Reached skill level 1 in Transmutations
  1365 | D:4      | Reached skill level 1 in Fire Magic
  1365 | D:4      | Reached skill level 1 in Ice Magic
  1365 | D:4      | Reached skill level 1 in Air Magic
  1365 | D:4      | Reached skill level 1 in Earth Magic
  1365 | D:4      | Reached skill level 1 in Poison Magic
  1365 | D:4      | Reached XP level 5. HP: 35/40 MP: 5/7
  1488 | D:4      | Reached skill level 3 in Fighting
  1488 | D:4      | Reached skill level 3 in Throwing
  1488 | D:4      | Reached skill level 3 in Armour
  1488 | D:4      | Reached skill level 3 in Dodging
  1488 | D:4      | Reached skill level 3 in Shields
  1500 | D:4      | Noticed an ogre
  1503 | D:4      | HP: 12/41 [ogre/cursed +0 giant club (27)]
  1519 | D:4      | HP: 9/41 [ogre/cursed +0 giant club (18)]
  1521 | D:4      | Killed an ogre
  1521 | D:4      | Reached skill level 2 in Invocations
  1521 | D:4      | Reached XP level 6. HP: 11/47 MP: 8/8
  1648 | D:4      | HP: 12/47 [worker ant (6)]
  1653 | D:4      | HP: 8/47 [poisoned by a worker ant]
  1665 | D:4      | HP: 18/70 [worker ant (4)]
  1666 | D:4      | Reached skill level 5 in Staves
  1670 | D:4      | HP: 15/70 [rat (1)]
  1678 | D:4      | HP: 14/70 [poisoned by a worker ant]
  1686 | D:4      | HP: 9/47 [poisoned by a worker ant]
  1690 | D:4      | Found a glowing drain.
  1900 | Sewer    | Entered a sewer
  1915 | Sewer    | Reached skill level 2 in Short Blades
  1915 | Sewer    | Reached skill level 2 in Long Blades
  1915 | Sewer    | Reached skill level 2 in Axes
  1915 | Sewer    | Reached skill level 2 in Maces & Flails
  1915 | Sewer    | Reached skill level 2 in Polearms
  1915 | Sewer    | Reached skill level 2 in Slings
  1915 | Sewer    | Reached skill level 2 in Crossbows
  1915 | Sewer    | Reached skill level 2 in Stealth
  1915 | Sewer    | Reached skill level 2 in Unarmed Combat
  1915 | Sewer    | Reached skill level 2 in Spellcasting
  1915 | Sewer    | Reached skill level 2 in Evocations
  2126 | Sewer    | Found a white marble altar of Elyvilon.
  2266 | D:3      | Reached XP level 7. HP: 30/52 MP: 10/10
  3252 | D:3      | Found a stormy altar of Qazlal.
  3254 | D:3      | Noticed a water elemental
  3255 | D:3      | Noticed an air elemental
  3255 | D:3      | Noticed a fire elemental
  3392 | D:3      | Found a sacrificial altar of Ru.
  3636 | D:4      | Reached skill level 7 in Bows
  3665 | D:4      | Noticed Menkaure
  3897 | D:4      | Reached skill level 2 in Conjurations
  3897 | D:4      | Reached skill level 2 in Hexes
  3897 | D:4      | Reached skill level 2 in Charms
  3897 | D:4      | Reached skill level 2 in Summonings
  3897 | D:4      | Reached skill level 2 in Necromancy
  3897 | D:4      | Reached skill level 2 in Translocations
  3897 | D:4      | Reached skill level 2 in Transmutations
  3897 | D:4      | Reached skill level 2 in Fire Magic
  3897 | D:4      | Reached skill level 2 in Ice Magic
  3897 | D:4      | Reached skill level 2 in Air Magic
  3897 | D:4      | Reached skill level 2 in Earth Magic
  3897 | D:4      | Reached skill level 2 in Poison Magic
  4314 | D:4      | HP: 10/52 [Menkaure (8)]
  4315 | D:4      | Slain by Menkaure

Levels and vault maps discovered:
D:1:      minmay_arrival_solitary_statue, layout_loops_ring, minmay_vboxes
D:2:      layout_basic, nicolae_dithmenos_through_a_glass_darkly
D:3:      layout_loops_ring, nicolae_qazlal_style_of_elements,
          marbit_many_paths, chequers_serial_rivers_micro_b
D:4:      minmay_evil_eye, layout_basic, grunt_temple_overflow_magic_moments,
          portal_sewer_entry_b, uniq_menkaure

Skill      XL: |  1  2  3  4  5  6  7 |
---------------+----------------------+-----
Invocations    | 1 2 |  2.7
Short Blades   | 1 2 |  2.4
Long Blades    | 1 2 |  2.4
Axes           | 1 2 |  2.4
Maces & Flails | 1 2 |  2.4
Polearms       | 1 2 |  2.4
Slings         | 1 2 |  2.4
Crossbows      | 1 2 |  2.4
Stealth        | 1 2 |  2.4
Unarmed Combat | 1 2 |  2.4
Spellcasting   | 1 2 |  2.4
Evocations     | 1 2 |  2.4
Conjurations   | 1 2 |  2.0
Hexes          | 1 2 |  2.0
Charms         | 1 2 |  2.0
Summonings     | 1 2 |  2.0
Necromancy     | 1 2 |  2.0
Translocations | 1 2 |  2.0
Transmutations | 1 2 |  2.0
Fire Magic     | 1 2 |  2.0
Ice Magic      | 1 2 |  2.0
Air Magic      | 1 2 |  2.0
Earth Magic    | 1 2 |  2.0
Poison Magic   | 1 2 |  2.0
Fighting       | 3 |  3.6
Throwing       | 3 |  3.6
Armour         | 3 |  3.6
Dodging        | 3 |  3.6
Shields        | 3 |  3.6
Staves         | 5 |  5.2
Bows           | 7 |  7.0

Action                   |  1- 3 |  4- 6 |  7- 9 || total
-------------------------+-------+-------+-------++-------
Melee: Short sword       |       |    78 |   205 ||   283
       Bite              |       |     4 |    24 ||    28
       Punch             |       |     2 |     2 ||     4
 Fire: Shortbow          |    81 |    52 |     1 ||   134
Throw: Stone             |       |    14 |    14 ||    28
  Use: Scroll            |     3 |     2 |     1 ||     6
       Potion            |       |     4 |       ||     4
  Eat: Chunk             |       |     4 |     7 ||    11
Armor: Robe              |     3 |       |       ||     3
       Scale mail        |     7 |    39 |    85 ||   131
       Skin              |       |     7 |       ||     7
Dodge: Dodged            |    12 |    61 |   103 ||   176

Table legend:
 A = Non-vault XP
 B = Vault XP
 C = Vault XP percentage of total XP
 D = Non-vault monster count
 E = Vault monster count
 F = Vault count percentage of total count
                 A         B        C        D         E       F
            +---------+---------+-------+---------+---------+-------
      Total |     554 |     349 |  38.6 |      78 |      28 |  26.4
            +---------+---------+-------+---------+---------+-------
        D:1 |      20 |       9 |  31.0 |      13 |       6 |  31.6
        D:2 |      63 |       0 |   0.0 |      17 |       0 |   0.0
        D:3 |     133 |       2 |   1.5 |      31 |       1 |   3.1
        D:4 |     338 |     215 |  38.9 |      17 |       9 |  34.6
      Sewer |       0 |     123 | 100.0 |       0 |      12 | 100.0
            +---------+---------+-------+---------+---------+-------

Table legend:
 A = Turns spent in this place as a percentage of turns spent in the entire game.
 B = Non-inter-level travel turns spent in this place as a percentage of non-inter-level travel turns spent in the entire game.
 C = Inter-level travel turns spent in this place as a percentage of turns spent in this place.
 D = Turns resting spent in this place as a percentage of non-inter-level travel turns spent in this place.
 E = Turns spent auto-exploring this place as a percentage of non-inter-level travel turns spent in this place.
 F = Non-inter-level travel turns spent in this place divided by the number of levels of this place that you've seen.
                   A       B       C       D       E      F
               +-------+-------+-------+-------+-------+----------------------
         Total | 100.0 | 100.0 |   2.7 |  11.8 |  44.2 | 839.4
       Dungeon |  93.2 |  93.0 |   2.9 |  12.7 |  46.7 | 975.5
         Sewer |   6.8 |   7.0 |   0.0 |   0.0 |  11.2 | 295.0
               +-------+-------+-------+-------+-------+----------------------

Levels and vault maps discovered:
D:1:      minmay_arrival_solitary_statue, layout_loops_ring, minmay_vboxes
D:2:      layout_basic, nicolae_dithmenos_through_a_glass_darkly
D:3:      layout_loops_ring, nicolae_qazlal_style_of_elements,
          marbit_many_paths, chequers_serial_rivers_micro_b
D:4:      minmay_evil_eye, layout_basic, grunt_temple_overflow_magic_moments,
          portal_sewer_entry_b, uniq_menkaure
